[Event "Late-Titled-Tuesday-Blitz-April-02-2024"]
[Site "Chess.com"]
[Date "2024.04.02"]
[Round "2"]
[White "DreamsAreFake"]
[Black "santosalberto1987"]
[Result "1-0"]
[WhiteElo "2746"]
[BlackElo "2501"]
[TimeControl "180+1"]
[EndTime "14:15:26 PDT"]
[Termination "DreamsAreFake won on time"]

1. Nf3 d5 2. g3 Nf6 3. Bg2 e6 4. O-O Be7 5. b3 O-O 6. Bb2 b6 7. d3 Bb7 8. c4 c5 9. cxd5 Nxd5 10. Nc3 Bf6 11. Rc1 Nc6 12. Qd2 Nd4 13. Nxd4 Bxd4 14. Nxd5 Bxd5 15. Bxd4 cxd4 16. Bxd5 Qxd5 17. Rc7 a5 18.
Rfc1 a4 19. b4 a3 20. R1c4 e5 21. f3 Ra4 22. Qc2 Raa8 23. Qb3 b5 24. Rc3 Qxb3 25. Rxb3 f6 26. Rc5 Rfb8 27. Kf2 h5 28. f4 exf4 29. gxf4 h4 30. Ke1 Re8 31. Rxb5 Re3 32. Rc5 Rh3 33.
b5 Rxh2 34. b6 Rh1+ 35. Kf2 Ra1 36. b7 Rb8 37. Rc8+ 1-0

[Event "Late-Titled-Tuesday-Blitz-April-02-2024"]
[Site "Chess.com"]
[Date "2024.04.02"]
[Round "2"]
[White "profedechess93"]
[Black "Groetzi"]
[Result "1-0"]
[WhiteElo "2663"]
[BlackElo "2359"]
[TimeControl "180+1"]
[EndTime "14:15:26 PDT"]
[Termination "profedechess93 won by resignation"]

1. e4 d5 2. exd5 Qxd5 3. Nc3 Qd6 4. d4 c6 5. Nf3 Nf6 6. Ne5 Nbd7 7. f4 e6 8. g4 Be7 9. g5 Nd5 10. Ne4 Qc7 11. c4 N5b6 12. c5 Nd5 13. Bg2 h6 14.
Qh5 Nxe5 15. fxe5 g6 16. Qf3 h5 17. O-O O-O 18. Qh3 b6 19. Nf6+ Kg7 20. Nxh5+ gxh5 21. Qxh5 Bd8 22. Qh6+ Kg8 23. Be4 f5 24. gxf6 Nxf6 25. exf6 Rxf6 26. Rxf6 Bxf6 27. Qxf6 1-0

[Event "Late-Titled-Tuesday-Blitz-April-02-2024"]
[Site "Chess.com"]
[Date "2024.04.02"]
[Round "2"]
[White "Ahmadalrahely9999"]
[Black "zsizsi99"]
[Result "0-1"]
[WhiteElo "2247"]
[BlackElo "2501"]
[TimeControl "180+1"]
[EndTime "14:15:26 PDT"]
[Termination "zsizsi99 won by resignation"]

1. e4 c5 2. Nf3 Nc6 3. Bb5 d6 4. O-O Bd7 5. c3 a6 6. Ba4 b5 7.
Bc2 Bg4 8. h3 Bxf3 9. Qxf3 g6 10. d3 Bg7 11. Qe2 e5 12. Nd2 Nge7 13. a4 O-O 14. f4 exf4 15. Nf3 d5 16. Bxf4 dxe4 17.
dxe4 b4 18. Rad1 Qa5 19. cxb4 Qxb4 20. b3 Nd4 21. Nxd4 cxd4 22. e5 Nd5 23. Bd2 Qc5 24.
Bd3 Nc3 25. Bxc3 dxc3+ 26. Kh1 Qxe5 27. Qc2 a5 28. Bc4 Ra7 29. Rfe1 Qg3 30. Rd3 Qxe1+ 0-1

[Event "Late-Titled-Tuesday-Blitz-April-02-2024"]
[Site "Chess.com"]
[Date "2024.04.02"]
[Round "2"]
[White "ExtremeLearner"]
[Black "temus_galaktionov"]
[Result "0-1"]
[WhiteElo "2563"]
[BlackElo "2848"]
[TimeControl "180+1"]
[EndTime "14:15:27 PDT"]
[Termination "temus_galaktionov won by resignation"]

1. e4 c6 2. d4 g6 3. Nf3 Bg7 4. Nc3 d6 5. Be2 Nd7 6. O-O e5 7. Re1 Ngf6 8. Be3 O-O 9. h3 Qe7 10. dxe5 dxe5 11. Qd2 Nc5 12. Bxc5 Qxc5 13. Rad1 Be6 14.
Qd6 Qxd6 15. Rxd6 Ne8 16. Rd2 h6 17. Red1 Nc7 18. a4 Rfe8 19. Ne1 Bf8 20. Nd3 f6 21. Bg4 Bf7 22. f4 exf4 23. Nxf4 Bc5+ 24. Kh1 Be3 25. Nd3 Bxd2 26. Rxd2 Rad8 27. Rf2 Kg7 28. Be2 Ne6 29. e5 f5 30. g4 fxg4 31. Bxg4 Nd4 32. Ne4 Bc4 33. Nf6 Re7 34. Nf4 Rxe5 35. N4h5+ gxh5 36. Nxh5+ Kg8 0-1

[Event "Late-Titled-Tuesday-Blitz-April-02-2024"]
[Site "Chess.com"]
[Date "2024.04.02"]
[Round "2"]
[White "HajiyevKanan"]
[Black "Jospem"]
[Result "0-1"]
[WhiteElo "2615"]
[BlackElo "3037"]
[TimeControl "180+1"]
[EndTime "14:15:28 PDT"]
[Termination "Jospem won by resignation"]

1. d4 Nf6 2. Nf3 e6 3. e3 b6 4.
Be2 Bb7 5. O-O g6 6. c4 Bg7 7. b3 O-O 8. Bb2 d6 9. Nc3 Nbd7 10.
Qd2 a6 11. Qc2 c5 12. e4 cxd4 13. Nxd4 Rc8 14. Rfd1 Qc7 15. f3 Rfe8 16. Kh1 Qb8 17. Qd2 Red8 18. Rac1 h5 19. Rc2 h4 20. Qg5 h3 21. g3 Rc5 22. Qe3 d5 23. b4 Rcc8 24. exd5 exd5 25. cxd5 Re8 26. Qf2 Nxd5 27. Nxd5 Rxc2 28.
Nxc2 Bxb2 29. Bf1 Nf6 30. Nxf6+ Bxf6 31. Bxh3 Qc7 32. Bg2 Qc4 33. Re1 Rxe1+ 34. Nxe1 Qxb4 35. f4 Bc8 36. Nf3 Be6 37. h3 b5 38. Ng5 Bxg5 39.
fxg5 Qb1+ 40. Kh2 Qxa2 41. h4 Qxf2 0-1

[Event "Late-Titled-Tuesday-Blitz-April-02-2024"]
[Site "Chess.com"]
[Date "2024.04.02"]
[Round "2"]
[White "AGW2016"]
[Black "Byniolus"]
[Result "1-0"]
[WhiteElo "2569"]
[BlackElo "2781"]
[TimeControl "180+1"]
[EndTime "14:15:29 PDT"]
[Termination "AGW2016 won by resignation"]

1. d4 d6 2. Nf3 Bg4 3. e4 Nf6 4.
Nc3 e6 5. Be2 Be7 6. O-O O-O 7.
h3 Bh5 8. d5 e5 9. Be3 Bg6 10. Nd2 Nfd7 11. Bd3 Bg5 12. Qe2 Bxe3 13. Qxe3 a5 14. a4 Nc5 15. Nb3 Nxb3 16. cxb3 Nd7 17. Nb5 Nc5 18. Bc2 f5 19. exf5 Bxf5 20. Bxf5 Rxf5 21.
f4 exf4 22. Rxf4 Rxd5 23. Raf1 c6 24. Nc3 Re5 25. Qf3 Re7 26. Ne2 Qe8 27. Ng3 g6 28. Kh2 Ne6 29. Rf6 d5 30. Qg4 Ng7 31. h4 Qd7 32.
Qf3 Qe8 33. Qg4 Qc8 34. Qg5 Qd7 35. h5 gxh5 36. Nf5 Qc7+ 37. Kh1 Rd7 38. Nh6+ Kh8 39. Rf8+ 1-0

[Event "Late-Titled-Tuesday-Blitz-April-02-2024"]
[Site "Chess.com"]
[Date "2024.04.02"]
[Round "2"]
[White "DinaBelenkaya"]
[Black "PawnEatingZombie"]
[Result "1-0"]
[WhiteElo "2450"]
[BlackElo "2165"]
[TimeControl "180+1"]
[EndTime "14:15:29 PDT"]
[Termination "DinaBelenkaya won by resignation"]

1. e4 c5 2. Nc3 Nc6 3. Nf3 e5 4.
Bc4 Be7 5. O-O Nf6 6. d3 O-O 7. a3 d6 8. h3 Ne8 9. Nd5 Kh8 10.
b4 b6 11. c3 f5 12. Nxe7 Nxe7 13. Ng5 d5 14. exd5 Nxd5 15. Qh5 Nef6 16. Nf7+ Rxf7 17.
Qxf7 a5 18. Bg5 Nxc3 19. Bxf6 gxf6 20. bxc5 bxc5 21. f4 Ne2+ 22. Kh1 Nxf4 23. Rxf4 exf4 24. Re1 Bd7 25. Re7 1-0

[Event "Late-Titled-Tuesday-Blitz-April-02-2024"]
[Site "Chess.com"]
[Date "2024.04.02"]
[Round "2"]
[White "platy3"]
[Black "OriTaichman"]
[Result "1-0"]
[WhiteElo "2946"]
[BlackElo "2557"]
[TimeControl "180+1"]
[EndTime "14:15:32 PDT"]
[Termination "platy3 won by resignation"]

1. e4 c5 2. Nf3 Nc6 3. d4 cxd4 4. Nxd4 d5 5. Bb5 dxe4 6. Nxc6 Qxd1+ 7. Kxd1 a6 8. Ba4 Bd7 9. Nc3 Bxc6 10. Bxc6+ bxc6 11. Nxe4 f5 12. Nc3 O-O-O+ 13. Ke2 e5 14. b3 Nf6 15. Bb2 g5 16. Rad1 Bd6 17. Na4 Nd5 18.
g3 Rhe8 19. c4 Nb4 20. Rd2 Nxa2 21. Rhd1 Bc7 22. Ba3 f4 23. Rxa2 f3+ 24. Ke1 Rxd1+ 25. Kxd1 e4 26. Bc5 h5 27. Be3 h4 28. Nc5 hxg3 29. hxg3 a5 30. b4 axb4 31. Ra8+ Bb8 32. Na6 Kb7 33. Rxb8+ Rxb8 34. Nxb8 Kxb8 35. Bxg5 Kc7 36.
Be3 Kd6 37. g4 Ke5 38. Kc2 c5 39. Kb3 Kd6 40. g5 Ke5 41. Bxc5 Kf5 42. Be3 1-0

[Event "Late-Titled-Tuesday-Blitz-April-02-2024"]
[Site "Chess.com"]
[Date "2024.04.02"]
[Round "2"]
[White "CURRUTACO59"]
[Black "dolynachess"]
[Result "0-1"]
[WhiteElo "2258"]
[BlackElo "2510"]
[TimeControl "180+1"]
[EndTime "14:15:34 PDT"]
[Termination "dolynachess won by resignation"]

1. Nf3 Nf6 2. d4 g6 3. c4 c5 4. Nc3 cxd4 5. Nxd4 Bg7 6. e4 O-O 7. Be3 Nc6 8. Nc2 d6 9. Be2 a6 10. O-O Rb8 11. f3 Bd7 12. Qd2 Qa5 13. a3 Rfc8 14.
b4 Qd8 15. Nd4 Ne5 16. Qa2 b5 17. Rac1 Nxc4 18. Bxc4 Rxc4 19. Nd5 Nxd5 20. exd5 Bxd4 21. Bxd4 Rxd4 22. Qb2 Qb6 23. Kh1 Rc4 24. Rce1 Re8 25. Qd2 Qd4 26. Qg5 Qf6 27. Qe3 Qd4 28. Qg5 f6 29.
Qh6 Qf4 30. Qxf4 Rxf4 31. Rc1 Rc4 32. Rce1 Kf7 33. Re3 Rd4 34. Rc1 Rc8 35. h3 Rxc1+ 0-1

[Event "Late-Titled-Tuesday-Blitz-April-02-2024"]
[Site "Chess.com"]
[Date "2024.04.02"]
[Round "2"]
[White "Firouzja2003"]
[Black "Perecke"]
[Result "1-0"]
[WhiteElo "3093"]
[BlackElo "2621"]
[TimeControl "180+1"]
[EndTime "14:15:35 PDT"]
[Termination "Firouzja2003 won by resignation"]

1. e4 c5 2. Nf3 e6 3. g3 Nc6 4.
Bg2 b5 5. O-O Bb7 6. Re1 Nge7 7.
c3 d5 8. exd5 Nxd5 9. d4 Be7 10.
dxc5 Bxc5 11. Nbd2 O-O 12. Ne4 Be7 13. Qc2 a6 14. h4 h6 15. a4 Qc7 16. Qe2 bxa4 17. Rxa4 a5 18. c4 Ba6 19. b3 Bb4 20. Rd1 Rad8 21. Bb2 e5 22. Qc2 Nb6 23. Raa1 f5 24.
Nc3 e4 25. Nd5 Nxd5 26. cxd5 exf3 27. Bxf3 f4 28. g4 Qe7 29. dxc6 Qxh4 30. Qg6 Qe7 31.
Rd5 Be2 32. Rxd8 Bxf3 33. Rd7 1-0

[Event "Late-Titled-Tuesday-Blitz-April-02-2024"]
[Site "Chess.com"]
[Date "2024.04.02"]
[Round "2"]
[White "jcibarra"]
[Black "secretworker2027"]
[Result "0-1"]
[WhiteElo "2957"]
[BlackElo "2615"]
[TimeControl "180+1"]
[EndTime "14:15:38 PDT"]
[Termination "secretworker2027 won on time"]

1. e4 c5 2. Nf3 Nc6 3. Nc3 Nf6 4. d4 d5 5. exd5 Nxd5 6. Bb5 Nxc3 7. bxc3 cxd4 8.
O-O Bd7 9. cxd4 a6 10. Bc4 Na5 11. Bxf7+ Kxf7 12. Ne5+ Kg8 13. Qf3 Be6 14. Re1 Qd5 15. Qg3 g6 16. Bg5 Bg7 17. Bxe7 Re8 18. Bc5 Nc6 19. c4 Qd8 20. Nxc6 bxc6 21. Rab1 Bxc4 22. Rxe8+ Qxe8 23. Rb8 Kf7 24. Qc7+ Kf6 25. Qf4+ Ke6 26. Qe4+ Kd7 27. Rxe8 Rxe8 28. Qg4+ Be6 29. Qe2 Bxa2 30. h4 Rxe2 0-1

[Event "Late-Titled-Tuesday-Blitz-April-02-2024"]
[Site "Chess.com"]
[Date "2024.04.02"]
[Round "2"]
[White "bascheyaro"]
[Black "guillembaches"]
[Result "1-0"]
[WhiteElo "2825"]
[BlackElo "2563"]
[TimeControl "180+1"]
[EndTime "14:15:40 PDT"]
[Termination "bascheyaro won on time"]

1. d4 d5 2. Nf3 Nf6 3. c4 e6 4. Nc3 a6 5. Bg5 dxc4 6. e3 b5 7. a4 Bb7 8. axb5 axb5 9. Rxa8 Bxa8 10. Nxb5 Bb4+ 11. Nc3 h6 12. Bxf6 gxf6 13. Qa4+ Nc6 14. Bxc4 O-O 15. O-O Bd6 16. Ra1 Ne7 17. Qd1 Ng6 18.
d5 e5 19. Bd3 Kg7 20. Bf5 Rg8 21. e4 Kf8 22. g3 Ke7 23. Nb5 Qb8 24. Nxd6 cxd6 25.
Qa4 Kf8 26. Qd7 Kg7 27. Bxg6 Kxg6 28. Nh4+ Kg7 29. Ra7 Rf8 30. Qg4+ Kh8 31. Nf5 Rg8 32. Qh5 1-0

[Event "Late-Titled-Tuesday-Blitz-April-02-2024"]
[Site "Chess.com"]
[Date "2024.04.02"]
[Round "2"]
[White "AlexandreHouhou"]
[Black "Andrei_Skvortsov"]
[Result "0-1"]
[WhiteElo "2368"]
[BlackElo "2663"]
[TimeControl "180+1"]
[EndTime "14:15:44 PDT"]
[Termination "Andrei_Skvortsov won by resignation"]

1. e4 c5 2. Nf3 d6 3. d4 cxd4 4. Nxd4 Nf6 5. Nc3 g6 6. Be3 Bg7 7. f3 O-O 8. Qd2 d5 9. e5 Ne8 10. f4 f6 11. Nf3 fxe5 12. Nxd5 exf4 13. Bxf4 Bxb2 14. Bc4 e6 15. Bg5 Nf6 16. Nxf6+ Bxf6 17. Qxd8 Bxd8 18. Bh6 Ba5+ 19. Ke2 Re8 20. Rad1 Nc6 21. Bb5 Bc3 22. Rd3 Bg7 23. Bxg7 Kxg7 24. Rhd1 e5 25. Bxc6 bxc6 26. Re3 e4 27. Nd4 Bg4+ 28. Kd2 Bxd1 29. Kxd1 Rad8 0-1

[Event "Late-Titled-Tuesday-Blitz-April-02-2024"]
[Site "Chess.com"]
[Date "2024.04.02"]
[Round "2"]
[White "lilylg"]
[Black "Beca95"]
[Result "1-0"]
[WhiteElo "2196"]
[BlackElo "2925"]
[TimeControl "180+1"]
[EndTime "14:15:45 PDT"]
[Termination "lilylg won by resignation"]

1. d4 Nf6 2. c4 c5 3. d5 e6 4. Nc3 exd5 5. cxd5 d6 6. e4 g6 7. h3 Bg7 8. Nf3 O-O 9. Bd3 Re8 10. O-O Nbd7 11. Bf4 c4 12. Bc2 Nc5 13. Re1 b5 14.
Nd4 b4 15. Nc6 Qb6 16. Na4 Nxa4 17. Bxa4 Rxe4 18. Bxd6 Bb7 19. Qc2 Rxe1+ 20. Rxe1 c3 21.
bxc3 bxc3 22. Rb1 Qa6 23. Bb5 Nxd5 24. Bxa6 Bxa6 25. Rb8+ Rxb8 26. Nxb8 Bc4 27. Nc6 h6 28. Ne7+ Nxe7 29. Bxe7 Be6 30. g4 h5 31. Bb4 hxg4 32. hxg4 Bxg4 33. Bxc3 Bf5 34. Qb2 Bxc3 35. Qxc3 Be6 36. f4 a6 37. a3 Bd7 38. Kf2 Bb5 39. Ke3 1-0

[Event "Late-Titled-Tuesday-Blitz-April-02-2024"]
[Site "Chess.com"]
[Date "2024.04.02"]
[Round "2"]
[White "Juicy_Fork"]
[Black "familijatop71"]
[Result "1-0"]
[WhiteElo "2556"]
[BlackElo "2307"]
[TimeControl "180+1"]
[EndTime "14:15:45 PDT"]
[Termination "Juicy_Fork won by resignation"]

1. e4 d5 2. exd5 Qxd5 3. Nc3 Qa5 4. d4 c6 5. Nf3 Nf6 6. Bc4 Bf5 7. Bd2 e6 8. Qe2 Bb4 9. O-O-O Nbd7 10. Ne5 Nxe5 11. dxe5 Nd5 12. Nxd5 Bxd2+ 13. Rxd2 cxd5 14. Bb5+ Ke7 15. Kb1 Rac8 16. Bd3 Bxd3 17. Qxd3 Rc4 18. Rhd1 Rhc8 19.
b3 Re4 20. f3 Rxe5 21. Qxh7 g6 22. f4 Re1 23. Qh4+ f6 24. Qxe1 1-0

[Event "Late-Titled-Tuesday-Blitz-April-02-2024"]
[Site "Chess.com"]
[Date "2024.04.02"]
[Round "2"]
[White "JaackCamel"]
[Black "Narek_Ghimoyan"]
[Result "0-1"]
[WhiteElo "2189"]
[BlackElo "2465"]
[TimeControl "180+1"]
[EndTime "14:15:45 PDT"]
[Termination "Narek_Ghimoyan won on time"]

1. d4 Nf6 2. c4 e6 3. Nc3 d5 4.
cxd5 exd5 5. Bg5 c6 6. e3 Be7 7. Bd3 O-O 8. Qc2 Nbd7 9. Nge2 h6 10. Bh4 Re8 11. O-O Ne4 12. Bxe7 Qxe7 13. Bxe4 dxe4 14.
d5 Nf6 15. Rfd1 Bg4 16. h3 Bh5 17. Rd4 cxd5 18. Nxd5 Nxd5 19. Rxd5 Rac8 20. Qd2 Red8 21. Nf4 Bg6 22. Nxg6 fxg6 23. Rd1 Rxd5 24. Qxd5+ Kh7 25. Qd7 Qxd7 26. Rxd7 Rc1+ 27. Kh2 Rc2 28. Rxb7 Rxf2 29. Kg3 Re2 30. b4 Rxe3+ 31. Kf4 Ra3 32. Kxe4 Rxa2 33. g4 Ra3 34. h4 Ra4 35. Ke5 a5 36. bxa5 Rxg4 37. a6 Rxh4 38. a7 Ra4 39. Ke6 h5 40. Kf7 h4 41. Kf8 h3 42. Rxg7+ Kh6 43. Kg8 Kh5 44.
Kh7 h2 45. Rxg6 Rxa7+ 0-1

[Event "Late-Titled-Tuesday-Blitz-April-02-2024"]
[Site "Chess.com"]
[Date "2024.04.02"]
[Round "2"]
[White "youngdinousaur"]
[Black "kleber2007"]
[Result "0-1"]
[WhiteElo "2226"]
[BlackElo "2487"]
[TimeControl "180+1"]
[EndTime "14:15:47 PDT"]
[Termination "kleber2007 won by resignation"]

1. d4 Nf6 2. Nf3 g6 3. Nc3 d5 4.
Bf4 Bg7 5. e3 O-O 6. Be2 c5 7.
Ne5 cxd4 8. exd4 Nc6 9. Qd2 Bf5 10. Nxc6 bxc6 11. f3 Qa5 12. g4 Be6 13. h4 h5 14.
Bh6 c5 15. Bxg7 Kxg7 16. Qe3 Rab8 17. Rb1 cxd4 18. Qxd4 Rb4 19. Qe5 Kg8 20. Rg1 Qb6 21.
Kf1 hxg4 22. fxg4 Rxb2 23. Rxb2 Qxb2 24. h5 Rc8 25. hxg6 Qxc3 26. gxf7+ Kxf7 27. Qg5 Rg8 28. Qh6 Rg6 29. Qh8 Bxg4 30. Bxg4 Qa1+ 31. Ke2 Qxg1 32.
Bh5 Qh2+ 0-1

[Event "Late-Titled-Tuesday-Blitz-April-02-2024"]
[Site "Chess.com"]
[Date "2024.04.02"]
[Round "2"]
[White "FairChess_on_YouTube"]
[Black "Crazy_girl99"]
[Result "1-0"]
[WhiteElo "3054"]
[BlackElo "2618"]
[TimeControl "180+1"]
[EndTime "14:15:51 PDT"]
[Termination "FairChess_on_YouTube won on time"]

1. d4 Nf6 2. Bg5 d5 3. Nd2 h6 4. Bxf6 exf6 5. e3 f5 6. c4 c6 7. cxd5 cxd5 8. Ne2 Nc6 9. Nf4 g6 10. g3 Be6 11. Bg2 Be7 12. Qb3 O-O 13. Bxd5 Bxd5 14.
Nxd5 Bd6 15. Nc3 Re8 16. O-O f4 17. Nde4 Bf8 18. gxf4 Bg7 19. Ng3 Qd7 20. Qd5 Qh3 21. Qg2 Qd7 22. f5 Kh7 23. Kh1 gxf5 24. Nh5 Bh8 25. Nd5 Qe6 26. Nc7 Qd6 27. Nxe8 Rxe8 28. Rg1 f4 29. Ng7 1-0

[Event "Late-Titled-Tuesday-Blitz-April-02-2024"]
[Site "Chess.com"]
[Date "2024.04.02"]
[Round "2"]
[White "karinachess1"]
[Black "SpeedofLight0"]
[Result "0-1"]
[WhiteElo "2617"]
[BlackElo "3052"]
[TimeControl "180+1"]
[EndTime "14:15:51 PDT"]
[Termination "SpeedofLight0 won by resignation"]

1. d4 d6 2. Nf3 g6 3. g3 Bd7 4.
Bg2 Qc8 5. O-O Bh3 6. Re1 Bxg2 7.
Kxg2 h5 8. h4 Bg7 9. e4 Nc6 10. c3 Nh6 11. Bg5 O-O 12. Nbd2 e5 13.
d5 Nb8 14. c4 Nd7 15. b4 Ng4 16. Nb3 f6 17. Be3 f5 18. Bg5 Ndf6 19. Nbd2 Qd7 20.
Qc2 fxe4 21. Nxe4 Nxe4 22. Qxe4 Rxf3 23. Qxf3 Rf8 24. Qe4 Rxf2+ 25. Kg1 Qf5 26. Qxf5 gxf5 27. Rf1 Rb2 28. Rxf5 e4 29. Rd1 e3 30. Rf4 e2 31.
Re1 Bc3 32. Rxg4 hxg4 33. Kf2 Bxe1+ 34. Kxe1 Rxb4 35. Kxe2 Rxc4 36. Ke3 Ra4 37. a3 a5 38. Bd8 Rxa3+ 39. Kf4 Rc3 40. Kg5 a4 41. h5 Kh7 42.
Kxg4 a3 43. Bf6 Rc4+ 44. Kf5 Rc1 45. g4 Rf1+ 46. Ke6 Rxf6+ 47. Kxf6 a2 0-1

[Event "Late-Titled-Tuesday-Blitz-April-02-2024"]
[Site "Chess.com"]
[Date "2024.04.02"]
[Round "2"]
[White "Kotlyar_K"]
[Black "Eagle_2019"]
[Result "0-1"]
[WhiteElo "2576"]
[BlackElo "2871"]
[TimeControl "180+1"]
[EndTime "14:15:51 PDT"]
[Termination "Eagle_2019 won by resignation"]

1. e4 c6 2. d4 d5 3. e5 c5 4. dxc5 Nc6 5. f4 Bf5 6. Nf3 e6 7. Be3 Nh6 8. h3 Be7 9. Qd2 Be4 10. Be2 Nf5 11. Bf2 h5 12. c3 Bxf3 13. Bxf3 Bh4 14. b4 Bxf2+ 15. Qxf2 g5 16. g3 h4 17.
fxg5 hxg3 18. Qd2 Nxe5 19. Be2 Rg8 20. Na3 Qxg5 21. Qxg5 Rxg5 22. O-O-O Nh4 23. Nb5 Ke7 24. Nd4 a5 25. a3 axb4 26. axb4 Ra2 27. Kb1 Rxe2 28. Nxe2 g2 29. Rhg1 Nef3 30. Nd4 Nxg1 31.
Rxg1 e5 32. Ne2 Nf3 33. h4 Nxg1 34. hxg5 Nxe2 0-1

[Event "Late-Titled-Tuesday-Blitz-April-02-2024"]
[Site "Chess.com"]
[Date "2024.04.02"]
[Round "2"]
[White "Dhaydon19"]
[Black "norwaytoadog"]
[Result "1-0"]
[WhiteElo "2659"]
[BlackElo "2362"]
[TimeControl "180+1"]
[EndTime "14:15:52 PDT"]
[Termination "Dhaydon19 won on time"]

1. e4 e5 2. Nf3 Nc6 3. Bb5 a6 4. Ba4 Nf6 5. d3 d6 6. O-O g6 7. c4 Bg7 8. h3 O-O 9. Nc3 Nd7 10. Bg5 f6 11. Bh4 Nc5 12. Bc2 a5 13. a3 Be6 14.
Rb1 g5 15. Bg3 f5 16. exf5 Bxf5 17. b4 axb4 18. axb4 Ne6 19. Ne4 h6 20. Qd2 Bxh3 21.
Nfxg5 hxg5 22. gxh3 Ncd4 23. Bd1 Nf4 24. Kh2 Ra3 25.
Bxf4 exf4 26. Bg4 Be5 27. f3 Kg7 28. Rfe1 Qe7 29. Kg2 Rfa8 30. Nf2 Ra2 31. Rb2 Rxb2 32. Qxb2 Nxf3 33. Bxf3 Bxb2 34. Rxe7+ Kf6 35. Rxc7 Ra2 36. Ng4+ Kf5 37. Be4+ Ke6 38. Bd5+ Kf5 39. Kf3 Bd4 40. c5 1-0

[Event "Late-Titled-Tuesday-Blitz-April-02-2024"]
[Site "Chess.com"]
[Date "2024.04.02"]
[Round "2"]
[White "MikaelyanArman"]
[Black "TheoSlade"]
[Result "1-0"]
[WhiteElo "2824"]
[BlackElo "2391"]
[TimeControl "180+1"]
[EndTime "14:15:58 PDT"]
[Termination "MikaelyanArman won by checkmate"]

1. e3 Nf6 2. b3 d5 3. Bb2 e6 4.
Nf3 b6 5. Be2 Bb7 6. O-O Bd6 7.
c4 O-O 8. Nc3 Nbd7 9. cxd5 exd5 10. Nb5 Be7 11. Rc1 c6 12. Nbd4 Rc8 13. Nf5 Bc5 14.
Ne5 Nxe5 15. Bxe5 Re8 16. d4 Ba3 17. Rc2 g6 18. Nh6+ Kf8 19. Bd3 Bd6 20. f4 Ne4 21. f5 Bxe5 22. dxe5 Qh4 23. Bxe4 Qxh6 24. fxg6 Qxe3+ 25. Kh1 Qxe4 26. Rxf7+ Kg8 27. Rxb7 hxg6 28.
Re2 Qg4 29. h3 Qh5 30. Qf1 Rf8 31. Rf2 Qxe5 32. Rff7 Rce8 33. Qf4 Qe1+ 34. Kh2 Qa1 35. Qc7 Qe5+ 36. Qxe5 Rxe5 37. Rg7+ Kh8 38. Rh7+ Kg8 39. Rbg7# 1-0

[Event "Late-Titled-Tuesday-Blitz-April-02-2024"]
[Site "Chess.com"]
[Date "2024.04.02"]
[Round "2"]
[White "chessydotcom"]
[Black "Sinquefield"]
[Result "0-1"]
[WhiteElo "2297"]
[BlackElo "2549"]
[TimeControl "180+1"]
[EndTime "14:15:58 PDT"]
[Termination "Sinquefield won by resignation"]

1. e4 e6 2. d3 d5 3. Nd2 Nf6 4.
Ngf3 Nc6 5. g3 dxe4 6. dxe4 e5 7. Bg2 Bc5 8. O-O O-O 9. Qe2 a5 10. Rd1 Ng4 11. Rf1 b6 12. h3 Ba6 13. Nc4 Nd4 14.
Nxd4 Qxd4 15. b3 Bxc4 16. bxc4 Nxf2 17. Rb1 Nd1+ 18. Kh2 Nc3 19. Qg4 h5 20. Qxh5 Nxb1 21. Qg4 Qd6 22. h4 Qg6 23. Qh3 Nc3 24. h5 Qe6 25.
Qh4 Ne2 26. h6 Nxc1 27. hxg7 Kxg7 28. Rf5 Rh8 29. Rg5+ Qg6 0-1

[Event "Late-Titled-Tuesday-Blitz-April-02-2024"]
[Site "Chess.com"]
[Date "2024.04.02"]
[Round "2"]
[White "1mbl4"]
[Black "BogdanDeac"]
[Result "0-1"]
[WhiteElo "2621"]
[BlackElo "3105"]
[TimeControl "180+1"]
[EndTime "14:16:01 PDT"]
[Termination "BogdanDeac won on time"]

1. d4 Nf6 2. Nf3 e6 3. Bf4 c5 4. e3 Nc6 5. Nbd2 h6 6. h3 d5 7. c3 Bd6 8. Bxd6 Qxd6 9. Bb5 O-O 10. O-O Bd7 11. Re1 Nxd4 12. exd4 Bxb5 13. dxc5 Qxc5 14.
Ne5 Qc7 15. Ndf3 Ne4 16. Ng4 Rae8 17. Nd4 Bd7 18. f3 Nd6 19. Qd2 f6 20. Nxh6+ gxh6 21. Qxh6 Bc8 22. Qf4 e5 23. Qg3+ Qg7 24. Qh2 Nc4 25. Nb5 a6 26. Nc7 Qxc7 0-1

[Event "Late-Titled-Tuesday-Blitz-April-02-2024"]
[Site "Chess.com"]
[Date "2024.04.02"]
[Round "2"]
[White "IMRosen"]
[Black "RichardShtivelband"]
[Result "1-0"]
[WhiteElo "2650"]
[BlackElo "2286"]
[TimeControl "180+1"]
[EndTime "14:16:01 PDT"]
[Termination "IMRosen won by resignation"]

1. d4 d5 2. Bf4 Nf6 3. e3 c6 4. Nd2 Bf5 5. c4 e6 6. Qb3 Qb6 7. c5 Qxb3 8. axb3 Nbd7 9. b4 Be7 10. h3 O-O 11. b5 cxb5 12. Bxb5 Rfc8 13. Ngf3 a6 14. Be2 b6 15. b4 a5 16. cxb6 axb4 17. Rxa8 Rxa8 18. b7 Ra1+ 19. Bd1 Bc2 20. Ke2 b3 21.
Bxc2 Rxh1 22. Bxb3 Ne4 23. Nxe4 dxe4 24. Nd2 g5 25.
Bg3 h5 26. Ba4 1-0

[Event "Late-Titled-Tuesday-Blitz-April-02-2024"]
[Site "Chess.com"]
[Date "2024.04.02"]
[Round "2"]
[White "Resignify"]
[Black "Balla_Tamas"]
[Result "0-1"]
[WhiteElo "2244"]
[BlackElo "2492"]
[TimeControl "180+1"]
[EndTime "14:16:01 PDT"]
[Termination "Balla_Tamas won by resignation"]

1. e4 c5 2. Nc3 Nc6 3. g3 g6 4. Bg2 Bg7 5. d3 e6 6. Be3 d6 7.
f4 Nge7 8. Nf3 O-O 9. O-O Rb8 10. Rb1 b5 11. a3 a5 12. Ne2 b4 13. axb4 axb4 14.
c3 Ba6 15. c4 b3 16. Nd2 Qb6 17.
Nc1 Na5 18. Bf3 d5 19. exd5 exd5 20. cxd5 Rfd8 21. Ne4 Nxd5 22. Bxc5 Qb5 23. Re1 Nb4 24. d4 Nc2 25. Be2 Qc6 26. Bxa6 Nxe1 27. Qxe1 Qxa6 28.
Ra1 Bxd4+ 29. Bxd4 Rxd4 30. Rxa5 Rxe4 31. Qxe4 Qxa5 32.
Nd3 Rd8 0-1

[Event "Late-Titled-Tuesday-Blitz-April-02-2024"]
[Site "Chess.com"]
[Date "2024.04.02"]
[Round "2"]
[White "Kirill_Klukin"]
[Black "VanRommel28"]
[Result "1/2-1/2"]
[WhiteElo "2807"]
[BlackElo "2567"]
[TimeControl "180+1"]
[EndTime "14:16:02 PDT"]
[Termination "Game drawn by agreement"]

1. d4 g6 2. Nf3 Bg7 3. c4 d6 4. Nc3 e5 5. Bg5 f6 6. Bh4 Nd7 7. e3 Ne7 8. dxe5 dxe5 9. Be2 Nf5 10. Bg3 c6 11. Qc2 Qe7 12. Rd1 O-O 13. O-O a5 14. Nd2 Nc5 15. Nde4 Nxg3 16. hxg3 Bf5 17. g4 Bxe4 18.
Nxe4 Rfd8 19. g3 Bf8 20. Bf3 Nxe4 21. Bxe4 Rxd1 22. Rxd1 Rd8 23. Rxd8 Qxd8 24. Qb3 Qc7 25. Qd3 Kg7 26. Kg2 Bc5 27. b3 Qd6 28. Qc2 Bb4 29. Bd3 Bc5 30. Qe2 Bb4 31. f4 Bc5 32. Kf3 Bb4 33. Qc2 Bc5 34. Ke2 Qe7 35. f5 g5 36. Kf3 Qd6 37. Be4 Bb4 38. Qd3 1/2-1/2

[Event "Late-Titled-Tuesday-Blitz-April-02-2024"]
[Site "Chess.com"]
[Date "2024.04.02"]
[Round "2"]
[White "shirovin"]
[Black "GMBenjaminBok"]
[Result "0-1"]
[WhiteElo "2070"]
[BlackElo "3009"]
[TimeControl "180+1"]
[EndTime "14:16:02 PDT"]
[Termination "GMBenjaminBok won by resignation"]

1. d4 Nf6 2. Bf4 d5 3. Nc3 c5 4. e4 cxd4 5. Qxd4 Nc6 6. Bb5 Bd7 7. Bxc6 Bxc6 8. O-O-O dxe4 9. Qxd8+ Rxd8 10. Rxd8+ Kxd8 11. Nge2 e6 12. Ng3 Bc5 13. Rd1+ Ke7 14. Bg5 h6 15.
Bxf6+ gxf6 16. Ngxe4 Bb6 17. f3 f5 18. Nd2 Rg8 19.
g3 Be3 20. f4 Rd8 21. Nb1 h5 22. Re1 Bc5 23. c3 h4 24. Nf1 hxg3 25. hxg3 Rg8 26.
Re2 Bb5 27. Re1 Bxf1 28. Rxf1 Rxg3 29. Kc2 Bd6 30. Nd2 Rg4 31. Nc4 Rxf4 32. Rd1 Rxc4 0-1